 Dungeon Crawl Stone Soup version 0.30-a0-4-ga7cffc901d (webtiles) character file.

Game seed: 16247197781709537487

235809 Flugkiller the Warrior (level 18, 0/180 HPs)
             Began as a Minotaur Fighter on Aug 22, 2022.
             Was the Champion of Qazlal.
             Killed from afar by Nikola (51 damage)
             ... with an arc of chain lightning
             ... on level 1 of the Vaults.
             The game lasted 00:21:24 (32223 turns).

Flugkiller the Warrior (Minotaur Fighter)          Turns: 32223, Time: 00:21:25

Health: 0/180      AC: 36    Str: 30    XL:     18   Next: 48%
Magic:  35/35      EV: 14    Int:  5    God:    Qazlal [******]
Gold:   3467       SH: 22    Dex: 16    Spells: 17/17 levels left

rFire   . . .      SeeInvis .    U - +2 broad axe (vamp)
rCold   . . .      Faith    .    R - +2 buckler {reflect}
rNeg    . . .      Spirit   .    H - +0 plate armour
rPois   +          Reflect  +    V - +2 hat
rElec   +          Harm     .    c - +2 cloak {Will+}
rCorr   .          Rampage  .    j - +1 pair of gloves
Will    +++..                    G - +2 pair of boots
Stlth   ..........               k - amulet of reflection
HPRegen 0.40/turn                N - ring "Bobb" {rElec Will+ MP+9 Str-2 Dex+3}
MPRegen 0.24/turn                O - ring "Pueshir" {rPois AC+4 Str+8 Dex-2}

@: protected from electricity, repel missiles
A: horns 2, retaliatory headbutt
}: 2/15 runes: decaying, gossamer
a: Renounce Religion, Upheaval, Elemental Force, Disaster Area


You were on level 1 of the Vaults.
You worshipped Qazlal.
Qazlal was exalted by your worship.
You visited 7 branches of the dungeon, and saw 32 of its levels.
You also visited: Sewer.

You collected 4008 gold pieces.
You spent 541 gold pieces at shops.

Inventory:

Hand Weapons
 y - a +5 vampiric war axe
   (You found it on level 3 of the Dungeon)
 S - a +0 broad axe
   (You took it off an orc knight on level 15 of the Dungeon)
 U - a +2 vampiric broad axe (weapon)
   (You acquired it on level 1 of the Swamp)
Missiles
 W - 2 throwing nets (quivered)
Armour
 c - a +2 cloak of willpower (worn)
   (You found it on level 2 of the Swamp)
 j - a +1 pair of gloves (worn)
   (You found it on level 1 of the Dungeon)
 G - a +2 pair of boots (worn)
   (You found it on level 8 of the Dungeon)
 H - a +0 plate armour (worn)
   (You found it on level 9 of the Dungeon)
 R - a +2 buckler of reflection (worn)
   (You took it off a tengu conjurer on level 14 of the Dungeon)
 T - a +0 kite shield of reflection
   (You took it off a tengu warrior on level 15 of the Dungeon)
 V - a +2 hat (worn)
   (You found it on level 4 of the Spider Nest)
Jewellery
 a - a +4 ring of protection
   (You found it on level 6 of the Dungeon)
 k - an amulet of reflection (around neck)
   (You found it on level 5 of the Dungeon)
 m - a ring of willpower
   (You found it on level 1 of the Dungeon)
 D - an amulet of the acrobat
   (You found it on level 2 of the Spider Nest)
 L - a ring of flight
   (You found it on level 1 of the Lair of Beasts)
 M - a +4 ring of protection
   (You found it on level 4 of the Lair of Beasts)
 N - the ring "Bobb" (left hand) {rElec Will+ MP+9 Str-2 Dex+3}
   (You found it on level 5 of the Lair of Beasts)

   [ring of magical power]

   Str:       It affects your strength (-2).
   Dex:       It affects your dexterity (+3).
   rElec:     It insulates you from electricity.
   MP:        It affects your magic capacity (+9).
   Will:      It increases your willpower.
 O - the ring "Pueshir" (right hand) {rPois AC+4 Str+8 Dex-2}
   (You found it on level 5 of the Lair of Beasts)

   [ring of protection]

   AC:        It affects your AC (+4).
   Str:       It affects your strength (+8).
   Dex:       It affects your dexterity (-2).
   rPois:     It protects you from poison.
Wands
 g - a wand of digging (14)
   (You took it off Ijyb on level 3 of the Dungeon)
 x - a wand of paralysis (61)
   (You found it on level 7 of the Dungeon)
 C - a wand of roots (12)
   (You took it off Jessica on level 2 of the Dungeon)
 E - a wand of quicksilver (8)
   (You found it on level 3 of the Swamp)
 J - a wand of mindburst (18)
   (You found it on level 1 of the Lair of Beasts)
Scrolls
 f - 5 scrolls of poison
 i - 6 scrolls of vulnerability
 l - 3 scrolls of magic mapping
 p - 2 scrolls of immolation
 r - 16 scrolls of identify
 s - 3 scrolls of brand weapon
 t - 14 scrolls of teleportation
 u - 3 scrolls of fear
 z - 2 scrolls of blinking
 I - a scroll of silence
 P - a scroll of enchant armour
Potions
 b - 13 potions of flight
 d - 7 potions of might
 e - 4 potions of berserk rage
 h - 7 potions of haste
 n - 2 potions of resistance
 o - 3 potions of lignification
 q - 13 potions of curing
 v - 2 potions of cancellation
 w - 3 potions of heal wounds
 A - 11 potions of ambrosia
 B - 3 potions of invisibility
 Q - 9 potions of mutation
Miscellaneous
 F - a condenser vane
   (You found it on level 2 of the Swamp)
 K - a phantom mirror
   (You found it on level 2 of the Lair of Beasts)


   Skills:
 + Level 20.9 Fighting
 - Level 16.0 Axes
 + Level 20.8 Armour
 - Level 11.0 Dodging
 - Level 13.0 Shields
 - Level 13.0 Invocations
 - Level 6.0 Evocations


You had 17 spell levels left.
You didn't know any spells.
Your spell library was empty.

Dungeon Overview and Level Annotations

Branches:
Dungeon (15/15)            Temple (1/1) D:5            Lair (5/5) D:10
  Swamp (4/4) Lair:3       Spider (4/4) Lair:3        Slime (0/5) Lair:5
    Orc (2/2) D:11            Elf (0/3) Orc:2        Vaults (1/5) D:14
 Depths (0/4) D:15          Sewer (visited)

Altars:
Ashenzari
Cheibriados
Dithmenos
Elyvilon
Fedhas
Gozag
Hepliaklqana
Kikubaaqudgha
Makhleb
Nemelex Xobeh
Okawaru
Qazlal
Ru
Sif Muna
Trog
Uskayaw
Vehumet
Wu Jian
Xom
Yredelemnul
Zin
The Shining One

Shops:
D:2 :(   D:3 *   Orc:1 =   Orc:2 (**!

Annotations:
D:8 4 transporters
D:12 1 runed translucent door
Lair:1 2 transporters, Fulomu's ghost, journeyman MiEn
Swamp:1 Mlioglotl
Spider:1 2 transporters
Vaults:1 Nikola


Innate Abilities, Weirdness & Mutations

You have a pair of horns on your head.
You reflexively headbutt those who attack you in melee.


Message History

The ironbound convoker begins to recite a word of recall!
Items here: ! $ )))))))))) [[[[[[ †††††††††.
You closely miss the orc warlord. You headbutt the orc warlord.
The orc warlord is heavily wounded.
You hit the orc warlord.
You feel better.
The orc warlord is heavily wounded.
You block the orc warlord's attack.
You slice the orc warlord!!
You feel better.
The orc warlord is severely wounded.
The ironbound preserver is recalled.
The ironbound frostheart is recalled.
The ironbound thunderhulk is recalled.
The vault sentinel is recalled.
The vault warden is recalled.
An ironbound thunderhulk comes into view.
It is wielding a +0 dire flail.
Strange energies crackle from the ironbound thunderhulk's apparatus.
The ironbound thunderhulk blinks!
You block the orc warlord's attack.
Nikola says, "There's a spark of magic in your eyes."
An ironbound frostheart comes into view.
The ironbound frostheart calls freezing cold from the walls.
The frost grips you!!
Your resistance to physical damage fades away.
You feel protected from cold.
You are encased in ice.
A vault warden comes into view. It is wielding a +0 war axe.
A vault sentinel comes into view. It is wielding a +0 long sword.
The vault sentinel gestures at you while chanting.
You resist with some effort.
An ironbound preserver comes into view. It is wielding a +0 flail.
You hit the orc warlord. Your headbutt misses the orc warlord.
The orc warlord is severely wounded.
You hit the vault sentinel but do no damage.
The orc warlord no longer looks unusually strong.
You block the orc warlord's attack.
An ironbound frostheart comes into view.
The vault warden activates a sealing rune.
You slash the orc warlord!
The orc warlord is almost dead.
You hit Nikola but do no damage. You block the orc warlord's attack.
You slash the orc warlord!
The orc warlord is almost dead.
You slash Nikola!
Electricity crackles from the ironbound thunderhulk's apparatus.
The bolt of lightning hits you. You resist.
The orc warlord hits you with a +0 dire flail.
You block Nikola's attack.
You slice the orc warlord!!
You feel better.
You kill the orc warlord!
Qazlal accepts your kill.
You closely miss Nikola. The ice encasing you melts away.
You slice Nikola like a ripe choko!!! You headbutt Nikola, but do no damage.
Nikola is heavily wounded.
The vault sentinel blows a loud note on a signal horn!
Nikola gestures at you while chanting. The bolt of lightning misses you.
You slash the ironbound convoker!
You feel better.
You kill the ironbound convoker!
Qazlal accepts your kill.
You slash Nikola!
You feel better.
The vault sentinel gestures at you while chanting.
You resist with some effort.
Nikola gestures wildly while chanting.
Lightning arcs from Nikola's hands!
The bolt of lightning hits you!!! You resist.
Your resistance to cold fades away.
You feel protected from electricity.
* * * LOW HITPOINT WARNING * * *
A bolt of lightning appears from out of thin air!
The bolt of lightning hits Nikola.
The bolt of lightning hits the vault sentinel!!
The bolt of lightning hits the ironbound preserver!!
The bolt of lightning hits the vault warden!!
The bolt of lightning hits the ironbound frostheart!!
You hear a horrible gurgling sound!
You are too injured to fight recklessly!
You are too injured to fight recklessly!
The ironbound frostheart calls freezing cold from the walls.
The frost grips you.
* * * LOW HITPOINT WARNING * * *
You are encased in ice.
You feel much better.
The vault sentinel blows a loud note on a signal horn!
The ironbound frostheart calls freezing cold from the walls.
The frost grips you!
* * * LOW HITPOINT WARNING * * *
You feel much better. The ice encasing you melts away.
You slice Nikola!! You headbutt Nikola!
Nikola is severely wounded.
The runic seal fades away.
Nikola gestures at you while chanting. The bolt of lightning hits you!
You resist.
* * * LOW HITPOINT WARNING * * *
You are too injured to fight recklessly!
You slice Nikola!!
Nikola is almost dead.
Nikola mumbles some strange words.
Lightning arcs from Nikola's hands!
The bolt of lightning hits you!!! You resist.
You feel more protected from electricity.
You die... ..# #p# Op#

### #p# #.# #p#
###.#####.# ...#
#...#.#..)#....#
#.#####.#.###)#....#
+........).@@†#....#
#####+#########....#
#..................#
#..................#
#........).........#
####
#..................#
#...#
#....##########....#
#..... #....
#....###.... #....
#....##..#


You could see Nikola (strong).

Vanquished Creatures
  Saint Roka (Orc:2)
  A tentacled monstrosity (Swamp:4)
  Kirke (Lair:3)
  A sphinx (Vaults:1)
  A fenstrider witch (Swamp:4)
  A fire giant (Vaults:1)
  5 emperor scorpions
  An orc warlord (Vaults:1)
  4 ghost moths
  Aizul (Swamp:1)
  An ironbound preserver (Vaults:1)
  3 broodmothers
  A very ugly thing (Swamp:4)
  2 green draconians (Swamp:2)
  7 eleionomae
  3 spark wasps
  Azrael (D:14)
  8 bunyips
  2 entropy weavers
  2 green deaths (Swamp:4)
  2 fire dragons
  2 shambling mangroves
  A yaktaur captain (Vaults:1)
  2 boulder beetles (Spider:3)
  20 hydras
  A rakshasa (D:15)
  4 vault guards (D:14)
  An ogre mage (D:10)
  5 radroaches
  4 catoblepae
  12 centaur warriors
  A jorogumo (Spider:3)
  6 death yaks (Lair:4)
  2 ghost crabs
  8 two-headed ogres
  8 alligators
  3 tengu warriors
  4 orc high priests (Orc:2)
  A thrashing horror (Swamp:4)
  5 spriggans
  7 pharaoh ants
  Lodul (D:12)
  3 deep trolls (Vaults:1)
  A glowing orange brain (D:15)
  4 goliath frogs
  2 spriggan druids
  4 steelbarb worms
  9 swamp dragons
  7 orb spiders
  3 lindwurms
  10 bog bodies
  A wizard (D:14)
  4 ironbound convokers (Vaults:1)
  5 deep elf pyromancers
  7 orc knights
  A necromancer (Vaults:1)
  17 wolf spiders
  An oklob plant (Lair:2)
  3 orc sorcerers (Orc:2)
  2 will-o-the-wisps (Swamp:4)
  17 ugly things
  A salamander (shapeshifter) (D:15)
  10 manticores
  3 moths of wrath
  6 cyclopes
  5 elephants (Lair:4)
  5 black mambas
  A vault sentinel (Vaults:1)
  A gargoyle (D:12)
  13 torpor snails
  14 cane toads
  2 large abominations (Swamp:4)
  An orange demon (Swamp:4)
  3 kobold demonologists
  3 rime drakes
  4 komodo dragons
  A yaktaur (shapeshifter) (D:14)
  Psyche (D:9)
  2 human zombies (Vaults:1)
  A yaktaur (D:15)
  6 demonic crawlers
  A freezing wraith (D:15)
  A tengu conjurer (D:14)
  A polar bear (Lair:5)
  A queen bee (Lair:2)
  3 meliai (Spider:4)
  12 tyrant leeches
  9 trolls
  15 hornets
  24 slime creatures
  29 tarantellas
  5 blink frogs
  Grinder (D:4)
  6 dream sheep (Lair:3)
  14 culicivoras
  3 wraiths
  3 shadows
  27 jumping spiders
  A culicivora (shapeshifter) (D:14)
  2 ettin skeletons (Vaults:1)
  42 yaks
  A deep troll skeleton (Vaults:1)
  5 wyverns
  3 fire elementals (D:14)
  8 basilisks
  3 hogs (Lair:3)
  37 redbacks
  6 vampire mosquitoes
  2 steam dragons
  13 wargs
  An acid dragon (D:8)
  5 hell hounds
  Edmund (D:4)
  11 swamp worms
  10 water moccasins
  2 small abominations (Swamp:4)
  A sky beast (D:8)
  41 orc warriors
  4 black bears
  5 swamp drakes
  4 boggarts (Lair:5)
  19 ogres
  9 centaurs
  51 wolves
  9 bullfrogs
  13 kobold brigands
  7 gnoll sergeants
  A scorpion (D:5)
  13 wights
  24 killer bees
  2 electric eels (Lair:5)
  12 howler monkeys
  35 orc priests
  5 jellies
  8 gnoll boudas
  2 hounds
  Jessica (D:2)
  Ijyb (D:3)
  7 iguanas
  23 orc wizards
  6 hell rats (Lair:5)
  23 gnolls
  9 adders
  13 river rats
  A white imp (D:5)
  2 ufetubi
  5 worms
  2 dart slugs
  91 orcs
  13 ball pythons
  15 bats
  6 endoplasms
  8 giant cockroaches
  9 hobgoblins
  3 jackals
  7 quokkas
  6 frilled lizards
  4 goblins
  38 kobolds
  22 rats
1219 creatures vanquished.

Vanquished Creatures (others)
  An ironbound preserver (Vaults:1)
  A goliath frog (Swamp:2)
  An ironbound convoker (Vaults:1)
  An orc knight (Vaults:1)
  An ugly thing (D:14)
  A will-o-the-wisp (Swamp:2)
  3 bloated husks
  A tyrant leech (Swamp:4)
  Sigmund (D:3)
  A golden eye (shapeshifter) (D:15)
  A redback (Spider:4)
  7 foxfires
  27 fungi
  106 plants
153 creatures vanquished.

Grand Total: 1372 creatures vanquished

Notes
Turn   | Place    | Note
-------+----------+-------------------------------------------
     0 | D:1      | Flugkiller the Minotaur Fighter began the quest for the
                  | Orb.
     0 | D:1      | Reached XP level 1. HP: 19/19 MP: 0/0
   181 | D:1      | Found a faded altar of an unknown god.
   423 | D:1      | Reached XP level 2. HP: 19/27 MP: 1/1
   936 | D:2      | Noticed Jessica
   940 | D:2      | Killed Jessica
   941 | D:2      | Reached XP level 3. HP: 33/33 MP: 2/2
  1017 | D:2      | Identified the +1 robe of the Equinox {+Inv rC- rCorr SInv}
  1105 | D:2      | Found Sorakamo's Book Shop.
  1198 | D:2      | Reached XP level 4. HP: 38/40 MP: 3/3
  1245 | D:2      | Found Wytokar's Antique Weapon Boutique.
  1556 | D:3      | Found a glowing drain.
  1582 | Sewer    | Entered a sewer
  2015 | Sewer    | Reached XP level 5. HP: 47/47 MP: 4/4
  2091 | Sewer    | Reached skill level 5 in Axes
  2565 | D:3      | Found a blossoming altar of Fedhas.
  2578 | D:3      | Found Feimais's Assorted Antiques.
  2586 | D:3      | Bought a scroll labelled SIETWORILA for 21 gold pieces
  2700 | D:3      | Noticed Sigmund
  2708 | D:3      | Killed Sigmund
  2709 | D:3      | Reached skill level 5 in Fighting
  2709 | D:3      | Reached skill level 5 in Armour
  2709 | D:3      | Reached XP level 6. HP: 46/56 MP: 5/5
  3418 | D:3      | Noticed Ijyb
  3430 | D:3      | Killed Ijyb
  3439 | D:3      | Found a broken altar of Ashenzari.
  3580 | D:4      | Noticed Grinder
  3589 | D:4      | Killed Grinder
  3590 | D:4      | Reached skill level 1 in Evocations
  3590 | D:4      | Reached XP level 7. HP: 45/62 MP: 6/6
  3742 | D:4      | Noticed Edmund
  3752 | D:4      | Killed Edmund
  4331 | D:5      | Entered Level 5 of the Dungeon
  4368 | D:5      | Found a basalt altar of Yredelemnul.
  4466 | D:5      | Found a staircase to the Ecumenical Temple.
  4475 | D:5      | Reached XP level 8. HP: 70/70 MP: 7/7
  4479 | Temple   | Entered the Ecumenical Temple
  4556 | Temple   | Became a worshipper of Qazlal Stormbringer
  4899 | D:5      | Reached skill level 1 in Invocations
  4978 | D:5      | Reached * piety under Qazlal
  5372 | D:6      | Identified the +11 long sword of the Onslaught {vorpal,
                  | Dex+3}
  5627 | D:6      | Found a glowing golden altar of the Shining One.
  5906 | D:7      | Found a shimmering altar of Xom.
  6099 | D:7      | Found a snail-covered altar of Cheibriados.
  6234 | D:7      | Reached XP level 9. HP: 30/74 MP: 9/9
  6483 | D:7      | Found an ornate altar of the Wu Jian Council.
  6629 | D:7      | Found a radiant altar of Vehumet.
  6629 | D:7      | Found a hazy altar of Hepliaklqana.
  6817 | D:8      | Paralysed by a hornet for 2 turns
  6937 | D:8      | Reached ** piety under Qazlal
  6937 | D:8      | Noticed a two-headed ogre
  6952 | D:8      | Killed a two-headed ogre
  6953 | D:8      | Reached skill level 10 in Axes
  7067 | D:8      | Found a transporter.
  7282 | D:8      | Found a burning altar of Makhleb.
  7302 | D:8      | Found a transporter.
  7552 | D:8      | Reached XP level 10. HP: 51/90 MP: 12/12
  7728 | D:8      | Found a transporter.
  7740 | D:8      | Found a transporter.
  7743 | D:8      | Noticed a seven-headed hydra
  7744 | D:8      | Noticed a skeletal warrior
  7967 | D:9      | Noticed Psyche
  7972 | D:9      | Killed Psyche
  8079 | D:9      | Reached skill level 5 in Invocations
  8219 | D:9      | Found a white marble altar of Elyvilon.
  8241 | D:9      | Reached *** piety under Qazlal
  8369 | D:9      | Noticed a sixfirhy
  8466 | D:9      | Found a sacrificial altar of Ru.
  8471 | D:9      | Reached skill level 10 in Fighting
  8912 | D:10     | Entered Level 10 of the Dungeon
  8956 | D:10     | Reached XP level 11. HP: 99/99 MP: 14/14
  8974 | D:10     | Reached **** piety under Qazlal
  9082 | D:10     | Noticed a two-headed ogre
  9092 | D:10     | Killed a two-headed ogre
  9285 | D:10     | Reached skill level 10 in Armour
  9292 | D:10     | Found a staircase to the Lair.
  9333 | D:10     | Noticed a two-headed ogre
  9351 | D:10     | Killed a two-headed ogre
  9358 | D:10     | Noticed a two-headed ogre
  9374 | D:10     | Killed a two-headed ogre
  9422 | D:10     | Noticed an orc knight
  9449 | D:10     | Killed an orc knight
  9454 | D:10     | Noticed an ogre mage
  9487 | D:10     | Killed an ogre mage
 10091 | D:10     | Noticed a two-headed ogre
 10097 | D:10     | Killed a two-headed ogre
 10098 | D:10     | Reached XP level 12. HP: 110/110 MP: 16/16
 10594 | D:11     | Reached ***** piety under Qazlal
 10601 | D:11     | Reached skill level 15 in Axes
 10702 | D:11     | Found a staircase to the Orcish Mines.
 10804 | D:11     | Found a bloodstained altar of Trog.
 10861 | D:11     | Noticed a centaur warrior
 10871 | D:11     | Killed a centaur warrior
 11203 | Lair:1   | Entered Level 1 of the Lair of Beasts
 11587 | Lair:1   | Found a transporter.
 11601 | Lair:1   | Noticed a six-headed hydra
 11601 | Lair:1   | Noticed Fulomu's ghost (journeyman MiEn)
 11679 | Lair:1   | Found a transporter.
 12049 | Lair:2   | Noticed a catoblepas
 12053 | Lair:2   | Noticed a seven-headed hydra
 12057 | Lair:2   | Killed a catoblepas
 12061 | Lair:2   | Killed a seven-headed hydra
 12294 | Lair:2   | Reached XP level 13. HP: 108/119 MP: 18/18
 12493 | Lair:2   | Found a radiant altar of Vehumet.
 12860 | Lair:3   | Reached skill level 1 in Dodging
 13376 | Lair:3   | Noticed Kirke
 13382 | Lair:3   | Noticed a sphinx
 13389 | Lair:3   | Killed Kirke
 13500 | Lair:3   | Found a staircase to the Swamp.
 13719 | Lair:3   | Found a hole to the Spider Nest.
 14513 | Lair:4   | Reached skill level 5 in Shields
 14548 | Lair:4   | Reached skill level 5 in Evocations
 14635 | Lair:4   | Reached skill level 10 in Invocations
 14746 | Lair:4   | Identified the +5 rapier of Contradiction {vorpal, rElec
                  | rPois Str-4}
 15204 | Lair:5   | Entered Level 5 of the Lair of Beasts
 15237 | Lair:5   | Reached XP level 14. HP: 115/130 MP: 20/20
 15657 | Lair:5   | Found a staircase to the Slime Pits.
 15663 | Lair:5   | Identified the +4 shortbow of the Writhing Shark {venom,
                  | rN+}
 16137 | Lair:5   | Reached skill level 5 in Dodging
 16408 | Lair:5   | Identified the ring "Bobb" {rElec Will+ MP+9 Str-2 Dex+3}
 16686 | Lair:5   | Found a runed translucent door.
 16752 | Lair:5   | Identified the ring "Pueshir" {rPois AC+4 Str+8 Dex-2}
 17490 | D:12     | Identified the +3 spear of Famine {flame, Dex+4 Stlth+}
 17573 | D:12     | Found a runed translucent door.
 17734 | D:12     | Noticed Lodul
 17748 | D:12     | Reached ****** piety under Qazlal
 17757 | D:12     | Killed Lodul
 18670 | D:14     | Noticed Azrael
 19017 | D:14     | Killed Azrael
 19022 | D:14     | Reached skill level 15 in Fighting
 19218 | D:14     | Reached XP level 15. HP: 141/141 MP: 15/22
 19232 | D:14     | Reached skill level 15 in Armour
 19440 | D:14     | Found a gate to the Vaults.
 19871 | D:15     | Entered Level 15 of the Dungeon
 20275 | D:15     | Reached skill level 10 in Shields
 20676 | D:15     | Found a staircase to the Depths.
 21152 | Orc:1    | Entered Level 1 of the Orcish Mines
 21399 | Orc:2    | Entered Level 2 of the Orcish Mines
 22064 | Orc:2    | Found Poaciagg's Antique Weapon Boutique.
 22080 | Orc:2    | Found Qygroig's General Store.
 22099 | Orc:2    | Bought a scroll of teleportation for 48 gold pieces
 22099 | Orc:2    | Bought a potion of might for 64 gold pieces
 22548 | Orc:2    | Found a staircase to the Elven Halls.
 22615 | Orc:2    | Noticed Saint Roka
 22702 | Orc:1    | Found Iveil's Jewellery Shoppe.
 23002 | Orc:2    | Killed Saint Roka
 23332 | Orc:2    | Reached XP level 16. HP: 151/151 MP: 24/24
 23489 | Orc:2    | Found Nimam's Assorted Antiques.
 23513 | Orc:2    | Bought a scroll of enchant weapon for 232 gold pieces
 23536 | Orc:2    | Found Pibeubraa's Distillery.
 23552 | Orc:2    | Bought a potion of mutation for 88 gold pieces
 23552 | Orc:2    | Bought a potion of mutation for 88 gold pieces
 23968 | Spider:1 | Entered Level 1 of the Spider Nest
 24284 | Spider:1 | Found a transporter.
 24286 | Spider:1 | Found a transporter.
 25149 | Spider:2 | Reached skill level 10 in Dodging
 26965 | Spider:4 | Entered Level 4 of the Spider Nest
 27447 | Spider:4 | Reached XP level 17. HP: 162/162 MP: 25/25
 28186 | Spider:4 | Got a gossamer rune of Zot
 28187 | Spider:4 | Identified the +1 hat "Egeggous" {+Inv Dex-5 Stlth+}
 28260 | Spider:4 | Identified the +0 helmet of the Maze {rN++ rCorr Str-5
                  | Int+4}
 28468 | Swamp:1  | Entered Level 1 of the Swamp
 28597 | Swamp:1  | Identified a scroll of acquirement
 28599 | Swamp:1  | Acquired a +2 vampiric broad axe
 28633 | Swamp:1  | Noticed Mlioglotl
 28642 | Swamp:1  | Noticed a lich
 28646 | Swamp:1  | Noticed Aizul
 29013 | Swamp:2  | Identified the +1 quarterstaff "Wiup" {vorpal, +Blink}
 30560 | Swamp:4  | Entered Level 4 of the Swamp
 30821 | Swamp:4  | Reached XP level 18. HP: 173/174 MP: 26/26
 31140 | Swamp:4  | Noticed a tentacled monstrosity
 31155 | Swamp:4  | Killed a tentacled monstrosity
 31357 | Swamp:4  | Got a decaying rune of Zot
 31749 | Swamp:1  | Killed Aizul
 32006 | Vaults:1 | Entered Level 1 of the Vaults
 32153 | Vaults:1 | Noticed Nikola
 32223 | Vaults:1 | Killed from afar by Nikola

Illustrated notes

Levels and vault maps discovered:
D:1:      heliophobic_arrival_ceremonial_halls, layout_basic,
          basic_ecumenical_altar, st_stairs_11
D:2:      layout_loops_ring, serial_shops, nicolae_square_shop,
          nicolae_shop_waterfront, uniq_jessica
D:3:      wad_lake_hut, layout_basic, nicolae_overflow_crystal_walls,
          ashenzari_conservatory_becter, portal_sewer_entry_a, serial_shops,
          nicolae_diamond_shop, uniq_ijyb, uniq_sigmund
D:4:      layout_loops_ring, uniq_grinder, uniq_edmund
D:5:      lemuel_ratsnest, layout_basic, overflow_temple_1_default,
          minmay_temple_entry_mist
D:6:      layout_loops_cross, mainiacjoe_overflow_boulevard
D:7:      layout_loops_ring, mainiacjoe_overflow_alcove_1,
          nzn_wu_jian_contemplation, gammafunk_temple_overflow_forgotten
D:8:      gammafunk_steamed_eel, layout_cave_pools,
          gammafunk_temple_overflow_arena, minmay_crystal_room
D:9:      layout_basic, kennysheep_little_box, elyvilon_altar_3, uniq_psyche
D:10:     lemuel_castle_with_subvaults [lemuel_castle_interior_original],
          layout_stronghold, david_lair_generic
D:11:     layout_basic, orc_david_3, trog_hazing_becter
D:12:     layout_cave_pods, minmay_st_funbox, uniq_lodul
D:13:     layout_gridville, minivault_5
D:14:     layout_basic, lightli_vaults_fourway_checkpoint,
          nicolae_concentric_dashed_squares_mild, minmay_checkerbox, uniq_azrael
D:15:     gammafunk_enter_depths_forms, layout_basic,
          amcnicky_mini_rare_corridor_liquid, minivault_1, minmay_starry_boxes
Temple:   nicolae_temple_two_arcs
Lair:1:   layout_gridlike, gammafunk_ghost_arena, grunt_megastairs_3,
          infiniplex_staircase_pool
Lair:2:   layout_gridlike, basic_altar, special_room [special_room_bee],
          minmay_lair_oklob_items, lemuel_fruit_tree
Lair:3:   layout_layer_cave, swamp_mist, nicolae_spider_entry_orb_guardian,
          grunt_megastairs_1, uniq_kirke
Lair:4:   layout_loops_ring, grunt_forest_large_clearings, serial_bayou_shore_b
Lair:5:   hangedman_lair_in_review, layout_cave_pods, wormcave,
          minmay_slime_entry_pillars, serial_bayou, serial_bayou_ford_a,
          serial_bayou_crossing, serial_bayou_pond_c, serial_bayou_pond_b,
          kilobyte_rumbling_trees
Swamp:1:  layout_basic_swamp, nicolae_swamp_long_stream, uniq_aizul,
          uniq_mlioglotl
Swamp:2:  layout_falls_marsh, evilmike_swamp_ruin_rubble_1,
          hangedman_swamp_cone, swamp_pool4, hangedman_swamp_dais
Swamp:3:  layout_basic_swamp, nicolae_swamp_bean_lake, swamp_pool1,
          nicolae_swamp_small_spring
Swamp:4:  swamp_vile, layout_basic_swamp, swamp_pool4
Spider:1: gammafunk_boulding_lane
Spider:2: layout_spider_delve, drop_trap
Spider:3: layout_spider_delve
Spider:4: grunt_spider_rune_parallel
Orc:1:    layout_diamond_mine, basic_altar, serial_shops, shop
Orc:2:    pubby_orc_utopia
Vaults:1: nicolae_vaults_network_quinsquares
          [nicolae_vaults_network_quincunx_subvault,
          nicolae_vaults_network_quincunx_subvault,
          nicolae_vaults_network_quincunx_subvault,
          nicolae_vaults_network_quincunx_subvault], nicolae_vaults_octagons,
          vaults_room_stairs_pillars, dpeg_vaults_monster_row,
          nicolae_vaults_little_squares_3, hangedman_vaults_slither, v_misc_33,
          v_misc_15, nicolae_vaults_theta, vaults_dpeg_ring,
          nicolae_vaults_asterisk, layout_vaults_omnigrid, serial_shops,
          bzr_entry_water, uniq_nikola

Skill      XL: |  1  2  3  4  5  6  7  8  9 10 11 12 13 14 15 16 17 18 |
---------------+-------------------------------------------------------+-----
Axes           | 3 4 5 6 7 9 11 12 14 16 | 16.0
Fighting       | 4 5 6 7 8 10 11 12 13 15 16 17 19 20 | 20.9
Armour         | 4 5 6 7 8 9 11 12 13 14 16 17 19 20 | 20.8
Evocations     | 1 2 3 4 5 6 |  6.0
Invocations    | 2 4 5 7 9 10 11 12 13 | 13.0
Dodging        | 4 7 9 11 | 11.0
Shields        | 6 8 10 12 13 | 13.0

Action                   |  1- 3 |  4- 6 |  7- 9 | 10-12 | 13-15 | 16-18 || total
-------------------------+-------+-------+-------+-------+-------+-------++-------
Melee: War axe           |    52 |   152 |   335 |   650 |  1211 |   717 ||  3117
       Headbutt          |     8 |    22 |    77 |   137 |   298 |   378 ||   920
       Broad axe         |       |       |       |       |       |   637 ||   637
Invok: Upheaval          |       |       |       |     2 |    18 |       ||    20
       Disaster Area     |       |       |       |       |     2 |     1 ||     3
Evoke: Wand              |       |       |       |       |     1 |       ||     1
  Use: Scroll            |       |     3 |    12 |     8 |     4 |     9 ||    36
       Potion            |       |       |       |       |     2 |     5 ||     7
 Stab: Petrifying        |       |       |       |       |     2 |       ||     2
       Petrified         |       |       |       |       |    11 |       ||    11
       Held in net/web   |       |       |       |       |       |     1 ||     1
Armor: Chain mail        |    27 |   110 |   148 |    29 |       |       ||   314
       Scale mail        |     1 |       |       |       |       |       ||     1
       Plate armour      |       |       |       |   272 |   570 |   886 ||  1728
Dodge: Dodged            |    22 |    61 |    91 |   119 |   321 |   554 ||  1168
       Repelled          |       |       |       |     1 |     9 |     7 ||    17
Block: Buckler           |    16 |    49 |   118 |   467 |  1000 |  1557 ||  3207
       Reflection        |       |       |     3 |     9 |    46 |    34 ||    92

Table legend: (Time is in decaauts)
 A = Elapsed time spent in this place.
 B = Non-inter-level travel time spent in this place.
 C = Inter-level travel time spent in this place.
 D = Time resting spent in this place.
 E = Time spent auto-exploring this place.
 F = Levels seen in this place.
 G = Mean time per level.
                   A        B        C        D        E       F      G
               +--------+--------+--------+--------+--------+-----+--------+
         Total |  32201 |  30263 |   1938 |   1928 |  22168 |  33 |  975.8 |
       Dungeon |  14369 |  13431 |    938 |    961 |  10044 |  15 |  957.9 |
        Temple |     88 |     79 |      9 |      0 |     52 |   1 |   88.0 |
          Lair |   6045 |   5483 |    562 |    162 |   4373 |   5 | 1209.0 |
         Swamp |   3489 |   3370 |    119 |    104 |   2309 |   4 |  872.2 |
   Spider Nest |   4320 |   4145 |    175 |    533 |   2796 |   4 | 1080.0 |
  Orcish Mines |   2557 |   2424 |    133 |     40 |   1762 |   2 | 1278.5 |
        Vaults |    196 |    196 |      0 |      0 |     88 |   1 |  196.0 |
         Sewer |   1134 |   1134 |      0 |    128 |    741 |   1 | 1134.0 |
               +--------+--------+--------+--------+--------+-----+--------+

Top non-repeatable levels by time:
   Orc:2: 2001 daAuts
    D:10: 1892 daAuts
  Lair:5: 1840 daAuts
  Lair:3: 1643 daAuts
Spider:3: 1343 daAuts
 Swamp:4: 1204 daAuts
 Swamp:2: 1179 daAuts
    D:15: 1160 daAuts
     D:8: 1154 daAuts
   Sewer: 1134 daAuts
Spider:2: 1130 daAuts
     D:3: 1064 daAuts
     D:7: 1032 daAuts
Spider:4: 1009 daAuts
  Lair:2: 970 daAuts
